 Dungeon Crawl Stone Soup version 0.20-a0-641-g673355a (webtiles) character file.

361 Laan the Shield-Bearer (level 6, -1/49 HPs)
             Began as a Formicid Fighter on Feb 14, 2017.
             Slain by taheo's ghost (5 damage)
             ... on level 4 of the Dungeon.
             The game lasted 00:08:42 (3390 turns).

Laan the Shield-Bearer (Formicid Fighter)           Turns: 3390, Time: 00:08:43

Health: -1/49      AC:  8    Str: 27    XL:     6   Next: 99%
Magic:  6/6        EV:  8    Int:  8    God:
Gold:   208        SH: 10    Dex: 10    Spells: 5/5 levels left

rFire    . . .     SeeInvis +   a - +0 long sword
rCold    . . .     Gourm    .   b - +0 scale mail
rNeg     . . .     Faith    .   c - +0 shield
rPois    .         Spirit   .   (helmet unavailable)
rElec    .         Reflect  .   (no cloak)
rCorr    .         Harm     .   o - +0 pair of gloves
MR       .....                  (no boots)
Stlth    ..........             (no amulet)
Regen    0.2/turn               (no ring)
MPRegen  0.1/turn               (no ring)

@: mighty
A: permanent stasis, dig shafts and tunnels, four strong arms, antennae 3
a: Dig, Shaft Self


You were on level 4 of the Dungeon.
You were hungry.

You visited 1 branch of the dungeon, and saw 4 of its levels.

You collected 208 gold pieces.

Inventory:

Hand Weapons
 a - a +0 long sword (weapon)
 s - a +2 short sword of electrocution
Armour
 b - a +0 scale mail (worn)
 c - a +0 shield (worn)
 o - a +0 pair of gloves (worn)
Jewellery
 j - an uncursed ring of fire {unknown}
Scrolls
 e - 2 scrolls of teleportation {unknown}
 g - a scroll of recharging {unknown}
 h - 5 scrolls of identify {unknown}
 i - a scroll of noise {unknown}
 l - 2 scrolls of blinking {unknown}
 p - 2 scrolls of remove curse {unknown}
 u - a scroll of amnesia {unknown}
Potions
 d - a potion of might
 n - a potion of agility
 q - a potion of brilliance {unknown}
 r - 2 potions of berserk rage {unknown}
 v - a potion of cancellation {unknown}
Comestibles
 f - a bread ration
 k - a royal jelly
 m - 3 meat rations


   Skills:
 + Level 4.4 Fighting
 * Level 4.3 Long Blades
 + Level 4.4 Armour
 + Level 5.5 Shields


You had 5 spell levels left.
You didn't know any spells.

Dungeon Overview and Level Annotations

Branches:
Dungeon (4/15)
 Temple: D:4-7

Altars:
Trog

Shops:
D:4 =

Annotations:
D:4 taheo's ghost, weakling MiFi


Innate Abilities, Weirdness & Mutations

You cannot be hasted, slowed, berserked, paralysed or teleported.
You can dig through walls and to a lower floor.
Your four strong arms can wield two-handed weapons with a shield.
You have a pair of large antennae on your head. (SInv)


Message History

Taheo's ghost is heavily damaged.
You block taheo's ghost's attack. x2
You hit taheo's ghost.
Taheo's ghost is heavily damaged.
You block taheo's ghost's attack.
You barely miss taheo's ghost.
Taheo's ghost is heavily damaged.
Taheo's ghost hits you.
You barely miss taheo's ghost.
Taheo's ghost is heavily damaged.
Taheo's ghost hits you!
* * * LOW HITPOINT WARNING * * *
You barely miss taheo's ghost.
Taheo's ghost is heavily damaged.
Taheo's ghost hits you.
* * * LOW HITPOINT WARNING * * *
You block taheo's ghost's attack.
You feel very mighty all of a sudden. Taheo's ghost hits you.
You die...

..#####.....####.P...P.....P.##
.## ##...## #.###..........#
#.# #...# #..# .......... #.#
##..## ..# ......... ###
#...##.# #.....# #...#.# #..#
#.....### ##..###
#..####(.######....$## #..##
#..@W[....#....# ...#
#..###.....##..... #..# #.##
##.....##.... ##. #.#
#..###..##... # #.# #(##
#...... #.# #. #..... .## .#
#... # .. .## #.. #


You could see taheo's ghost.

Vanquished Creatures
  A scorpion (D:4)
  A hound (D:4)
  A bullfrog skeleton (D:4)
  An orc priest (D:4)
  2 worker ants (D:4)
  10 adders
  An ooze (D:3)
  A worm (D:2)
  3 leopard geckos
  8 orcs
  2 ball pythons
  A giant cockroach (D:3)
  6 goblins
  10 hobgoblins
  2 jackals (D:3)
  9 kobolds
  2 quokkas
  6 bats
  3 frilled lizards
  11 rats
81 creatures vanquished.

Notes
Turn   | Place    | Note
-------+----------+-------------------------------------------
     0 | D:1      | Laan the Formicid Fighter began the quest for the Orb.
     0 | D:1      | Reached XP level 1. HP: 18/18 MP: 1/1
    70 | D:1      | Reached XP level 2. HP: 20/24 MP: 2/2
   461 | D:1      | Reached XP level 3. HP: 29/29 MP: 3/3
   470 | D:1      | Reached skill level 4 in Shields
  1188 | D:2      | Reached XP level 4. HP: 33/35 MP: 4/4
  1707 | D:3      | Found a bloodstained altar of Trog.
  2169 | D:3      | Reached XP level 5. HP: 40/42 MP: 5/5
  2829 | D:4      | Found Wiogih's Jewellery Shop.
  2838 | D:4      | Reached skill level 5 in Shields
  3017 | D:4      | Reached XP level 6. HP: 43/48 MP: 6/6
  3358 | D:4      | Noticed taheo's ghost (weakling MiFi)
  3390 | D:4      | Slain by taheo's ghost

Vault maps used:
D:1:      dpeg_arrival_refuge
D:3:      lemuel_round_altar, grunt_ministairs_5
D:4:      serial_shops, nicolae_shop_behind_doors, kennysheep_mini_moat, shop,
          kennysheep_mini, hangedman_decor_slide_cut, guppyfry_early_lair_pool

Skill      XL: |  1  2  3  4  5  6 |
---------------+-------------------+-----
Shields        | 4 5 |  5.5
Long Blades    | 3 4 |  4.3
Armour         | 4 |  4.4
Fighting       | 4 |  4.4

Action                   |  1- 3 |  4- 6 || total
-------------------------+-------+-------++-------
Melee: Long sword        |   121 |   208 ||   329
  Use: Potion            |     4 |     4 ||     8
  Eat: Chunk             |       |     8 ||     8
Armor: Scale mail        |    48 |    78 ||   126
Dodge: Dodged            |    39 |    62 ||   101
Block: Shield            |    62 |   111 ||   173
       Rpst.: Long sword |    10 |    19 ||    29
